 Dungeon Crawl Stone Soup version 0.30-a0-439-g9e77e4d916 (webtiles) character file.

Game seed: 923761876560865552

86 KennySheep the Shooter (level 4, -12/27 HPs)
             Began as a Tengu Hunter on Dec 10, 2022.
             Was a Believer of Vehumet.
             Mangled by a gnoll
             ... wielding a +0 halberd
              (14 damage)
             ... on level 2 of the Dungeon.
             The game lasted 00:06:47 (1478 turns).

KennySheep the Shooter (Tengu Hunter)               Turns: 1478, Time: 00:06:48

Health: -12/27     AC:  4    Str: 11    XL:     4   Next: 50%
Magic:  6/6        EV:  7    Int: 10    God:    Vehumet [**....]
Gold:   79         SH:  0    Dex: 19    Spells: 4/5 levels left

rFire   . . .      SeeInvis .    a - +0 shortbow
rCold   . . .      Faith    .    (shield currently unavailable)
rNeg    . . .      Spirit   .    c - +0 leather armour
rPois   .          Reflect  .    (helmet restricted)
rElec   .          Harm     .    l - +0 cloak
rCorr   +          Rampage  .    (no gloves)
Will    .....                    (boots unavailable)
Stlth   ++........               (no amulet)
HPRegen 0.24/turn                p - ring of resist corrosion
MPRegen 0.10/turn                (no ring)

@: held
A: beak, talons 3
a: Renounce Religion


You were on level 2 of the Dungeon.
You worshipped Vehumet.
Vehumet was pleased with you.
You visited 1 branch of the dungeon, and saw 2 of its levels.

You collected 79 gold pieces.

Inventory:

Hand Weapons
 a - a +0 shortbow (weapon)
Armour
 c - a +0 leather armour (worn)
 l - a +0 cloak (worn)
Jewellery
 m - a ring of ice
 p - a ring of resist corrosion (left hand)
Scrolls
 b - a scroll of immolation
 d - a scroll of vulnerability {unknown}
 e - a scroll of butterflies {unknown}
 h - a scroll of fear {unknown}
 i - a scroll of magic mapping {unknown}
 j - a scroll of teleportation {unknown}
 o - 4 scrolls of identify {unknown}
 s - a scroll of blinking {unknown}
Potions
 f - a potion of haste {unknown}
 g - a potion of attraction {unknown}
 k - a potion of degeneration {unknown}
 n - a potion of heal wounds {unknown}
 q - a potion of curing {unknown}
 r - 2 potions of might {unknown}
 t - a potion of brilliance {unknown}


   Skills:
 + Level 2.7 Fighting
 - Level 4.4 Ranged Weapons
 + Level 3.0 Dodging
 - Level 1.3 Stealth
 + Level 1.1 Spellcasting
 * Level 2.9 Conjurations


You had 4 spell levels left.
You knew the following spells:

 Your Spells              Type           Power      Damage    Failure   Level
a - Magic Dart            Conj           24%        1d4       13%         1

Your spell library contained the following spells:

 Spells                   Type           Power      Damage    Failure   Level
 Shock                    Conj/Air       12%        1d3       24%         1
 Beastly Appendage        Tmut           0%         N/A       41%         1
 Call Imp                 Summ           0%         N/A       56%         2
 Cigotuvi's Dreadful Rot  Necr/Pois/Air  0%         N/A       56%         2
 Poisonous Vapours        Pois/Air       0%         N/A       56%         2
 Wereblood                Tmut           0%         N/A       56%         2
 Mephitic Cloud           Conj/Pois/Air  2%         N/A       65%         3
 Kindle Blastsparks       Fire/Tloc/Air  0%         2d10      80%         3
 Spider Form              Tmut/Pois      0%         N/A       80%         3
 Fulminant Prism          Conj/Hex       1%         3d5       94%         4
 Iskenderun's Mystic Bla  Conj/Tloc      3%         2d3       94%         4
 Petrify                  Tmut/Erth      0%         N/A       99%         4
 Lee's Rapid Deconstruct  Erth           0%         3d4*      100%        5
 Metabolic Englaciation   Hex/Ice        0%         N/A       100%        5
 Statue Form              Tmut/Erth      0%         N/A       100%        6


Dungeon Overview and Level Annotations

Branches:
Dungeon (2/15)

Altars:
Vehumet

Shops:
D:2 :


Innate Abilities, Weirdness & Mutations

You have a beak for a mouth.
You have claws for feet.


Message History

The magic dart hits the worm.
The worm is severely wounded.
The magic dart hits the worm.
The worm is severely wounded.
The magic dart hits the worm.
The worm is severely wounded.
The magic dart hits the worm but does no damage.
The worm is severely wounded.
The magic dart hits the worm but does no damage.
The worm is severely wounded.
You see here a +0 club.
You shoot an arrow. The arrow hits the worm.
The worm is moderately wounded.
You shoot an arrow. The arrow hits the worm.
The worm is heavily wounded.
You shoot an arrow. The arrow hits the worm!
You kill the worm!
Vehumet accepts your kill.
Your Dodging skill increases to level 3!
You start resting.
Magic restored.
You start resting.
HP restored.
You see here a worm corpse.
There is a stone staircase leading down here.
You climb downwards.
The gnoll misses you. The gnoll hits you but does no damage.
There is a stone staircase leading up here.
The gnoll barely misses you.
The gnoll throws a throwing net.
The throwing net hits you.
You become entangled in the net!
You stop ascending the stairs.
The gnoll hits you with a +0 flail!
Okay, then.
You struggle against the net.
The gnoll hits you from afar with a +0 halberd! x2
* * * LOW HITPOINT WARNING * * *
The gnoll hits you but does no damage.
You struggle against the net.
The gnoll hits you from afar with a +0 halberd!
Ouch! That really hurt!
You die...

##....####...#.######......#
####..#### ##...[.>...†......#
#.......#####.........#.......#
#.......##........#########.#.#
##............)....# .....
#........##........# ##.g.
..######...........# ##w
......g..##.....g..#
###########..gg.@..#
##....g....# #### ##..#.#.#####
..<## #..##.#.# ....##
#.###.#.### .....###.........#
.................#
.....###.........# ....##
###########


You could see 4 gnolls.

Vanquished Creatures
  3 adders (D:2)
  3 worms
  5 endoplasms
  6 goblins
  5 hobgoblins
  2 jackals (D:1)
  3 quokkas
  10 ball pythons
  4 bats
  2 frilled lizards
  2 kobolds (D:1)
  3 rats
48 creatures vanquished.

Notes
Turn   | Place    | Note
-------+----------+-------------------------------------------
     0 | D:1      | KennySheep the Tengu Hunter began the quest for the Orb.
     0 | D:1      | Reached XP level 1. HP: 12/12 MP: 2/2
    82 | D:1      | Found a faded altar of an unknown god.
    92 | D:1      | Prayed at the altar of an unknown god.
    92 | D:1      | Became a worshipper of Vehumet
    92 | D:1      | Reached * piety under Vehumet
    92 | D:1      | Offered knowledge of Magic Dart by Vehumet.
   214 | D:1      | Reached XP level 2. HP: 17/17 MP: 3/3
   293 | D:1      | Reached skill level 1 in Conjurations
   304 | D:1      | Learned a level 1 spell: Magic Dart
   555 | D:1      | Reached XP level 3. HP: 21/21 MP: 4/4
   876 | D:2      | Offered knowledge of Shock by Vehumet.
   968 | D:2      | Found Liphoutt's Vocational Training.
   975 | D:2      | Reached ** piety under Vehumet
  1078 | D:2      | Reached XP level 4. HP: 27/27 MP: 6/6
  1101 | D:2      | Reached skill level 1 in Spellcasting
  1477 | D:2      | HP: 1/27 [gnoll/+0 halberd (11)]
  1478 | D:2      | Mangled by a gnoll

Illustrated notes

Levels and vault maps discovered:
D:1:      nzn_arrival_depleted_hourglass, layout_loops_corners,
          nicolae_ecumenical_snake_handling, nicolae_figureground_pulse
D:2:      layout_rooms, nicolae_shop_vocational

Skill      XL: |  1  2  3  4 |
---------------+-------------+-----
Conjurations   | 1 2 |  2.9
Spellcasting   | 1 |  1.1
Dodging        | 3 |  3.0
Fighting       | |  2.7
Ranged Weapons | |  4.4
Stealth        | |  1.3

Action                   |  1- 3 |  4- 6 || total
-------------------------+-------+-------++-------
 Fire: Shortbow          |    90 |    46 ||   136
 Cast: Magic Dart        |       |     7 ||     7
Armor: Leather armour    |     8 |     2 ||    10
Dodge: Dodged            |    20 |    18 ||    38

Table legend: (Time is in decaauts)
 A = Elapsed time spent in this place.
 B = Non-inter-level travel time spent in this place.
 C = Inter-level travel time spent in this place.
 D = Time resting spent in this place.
 E = Time spent auto-exploring this place.
 F = Levels seen in this place.
 G = Mean time per level.
                   A        B        C        D        E       F      G
               +--------+--------+--------+--------+--------+-----+--------+
         Total |   1523 |   1455 |     68 |     48 |   1010 |   2 |  761.5 |
       Dungeon |   1523 |   1455 |     68 |     48 |   1010 |   2 |  761.5 |
               +--------+--------+--------+--------+--------+-----+--------+

Top non-repeatable levels by time:
     D:1: 1029 daAuts
     D:2: 493 daAuts
